 Dungeon Crawl Stone Soup version 0.31-a0-1616-gbeaec30b81 (webtiles) character file.

Game seed: 17074567714670017336

6273 Newt the Fighter (level 10, -6/80 HPs)
             Began as a Demonspawn Gladiator on Jan 10, 2024.
             Was a Follower of Makhleb.
             Killed from afar by an orc wizard (8 damage)
             ... with a magic dart
             ... on level 9 of the Dungeon.
             The game lasted 00:13:21 (9264 turns).

Newt the Fighter (Demonspawn Gladiator)             Turns: 9264, Time: 00:13:22

Health: -6/80      AC:  5    Str: 10    XL:     10   Next: 63%
Magic:  14/14      EV: 17    Int:  4    God:    Makhleb [*.....]
Gold:   259        SH: 14    Dex: 21    Spells: 11/14 levels left

rFire   . . .        I - +2 falchion "Xyoschagi" {spect, rPois rC+ rCorr Str-4}
rCold   + + .        d - +0 kite shield
rNeg    + + .        Q - +2 leather armour of the Blessed Realm {rC+ rN++ Str-3}
rPois   +            (helmet restricted)
rElec   .            (no cloak)
rCorr   +            (no gloves)
SInv    .            (no boots)
Will    +....        n - amulet of the acrobat
Stlth   ++++++       j - +5 ring of evasion
HPRegen 0.33/turn    L - ring of the Fool {Will+ Int-4 Slay+4 Stlth+}
MPRegen 0.14/turn

%: acrobat
@: no status effects
A: horns 2, thin skeletal structure 2, condensation shield
a: Renounce Religion


You were on level 9 of the Dungeon.
You worshipped Makhleb.
Makhleb was aware of your devotion.
You visited 2 branches of the dungeon, and saw 10 of its levels.
You also visited: Ossuary.

You collected 651 gold pieces.
You spent 392 gold pieces at shops.

Inventory:

Hand Weapons
 a - a +1 rapier
 A - a +4 great sword
 I - the +2 falchion "Xyoschagi" (weapon) {spect, rPois rC+ rCorr Str-4}
   (You found it on level 4 of the Dungeon)

   Str-4:     It affects your strength (-4).
   rC+:       It protects you from cold.
   rPois:     It protects you from poison rCorr: It protects you from acid and
   corrosion.
Missiles
 e - 3 javelins
Armour
 b - a +0 leather armour
 c - a +0 helmet
 d - a +0 kite shield (worn)
 Q - the +2 leather armour of the Blessed Realm (worn) {rC+ rN++ Str-3}
   (You bought it in a shop on level 6 of the Dungeon)

   Str-3:     It affects your strength (-3).
   rC+:       It protects you from cold.
   rN++:      It greatly protects you from negative energy.
Jewellery
 j - a +5 ring of evasion (left hand)
 k - an amulet of magic regeneration
 n - an amulet of the acrobat (around neck)
 r - a ring of see invisible
 y - a ring of positive energy
 L - the ring of the Fool (right hand) {Will+ Int-4 Slay+4 Stlth+}
   (You found it on level 4 of the Dungeon)

   [ring of slaying]

   Int-4:     It affects your intelligence (-4).
   Slay+4:    It affects your accuracy & damage with ranged weapons and melee
   (+4).
   Will+:     It increases your willpower.
   Stlth+:    It makes you more stealthy.
 M - a ring of protection from cold
 R - a +6 ring of strength
Wands
 u - a wand of flame (44)
 N - a wand of polymorph (10)
Scrolls
 f - a scroll of torment
 g - a scroll of amnesia {unknown}
 o - a scroll of poison
 t - 3 scrolls of teleportation
 v - a scroll of vulnerability
 w - a scroll of brand weapon {unknown}
 x - a scroll of summoning {unknown}
 z - 4 scrolls of fog
 C - a scroll of blinking {unknown}
 D - a scroll of enchant weapon
 F - a scroll of revelation {unknown}
 J - a scroll of noise {unknown}
 P - a scroll of fear
Potions
 h - 3 potions of haste
 i - a potion of attraction
 l - a potion of berserk rage
 m - a potion of lignification
 p - a potion of mutation
 q - 2 potions of curing
 s - a potion of magic
 B - a potion of heal wounds
 E - 2 potions of cancellation
 G - 2 potions of degeneration
 H - 2 potions of enlightenment
 K - a potion of brilliance
 O - a potion of ambrosia


   Skills:
 - Level 8.0 Fighting
 - Level 4.0(5.7) Short Blades
 - Level 6.4(7.0) Long Blades
 - Level 1.7 Throwing
 - Level 5.0 Armour
 - Level 5.0 Dodging
 - Level 4.0 Stealth
 - Level 4.0 Shields
 + Level 2.8 Spellcasting
 + Level 3.4 Necromancy
 - Level 5.0 Evocations


You had 11 spell levels left.
You knew the following spells:

 Your Spells              Type           Power      Damage    Failure   Level
a - Fugue of the Fallen   Necr           3%         N/A       88%         3

Your spell library contained the following spells:

 Spells                   Type           Power      Damage    Failure   Level
 Cigotuvi's Dreadful Rot  Necr/Alch/Air  2%         N/A       93%         2
 Magic Dart               Conj           0%         1d3       94%         1
 Blink                    Tloc           0%         N/A       98%         2
 Call Imp                 Summ           0%         N/A       98%         2
 Ensorcelled Hibernation  Hex/Ice        0%         N/A       98%         2
 Lesser Beckoning         Tloc           0%         N/A       98%         2
 Momentum Strike          Conj/Tloc      0%         3d8       98%         2
 Call Canine Familiar     Summ           0%         N/A       100%        3
 Frozen Ramparts          Ice            0%         1d1       100%        3
 Gell's Gravitas          Tloc           0%         N/A       100%        3
 Hailstorm                Conj/Ice       0%         3d5       100%        3
 Inner Flame              Hex/Fire       0%         N/A       100%        3
 Sigil of Binding         Hex            0%         N/A       100%        3
 Summon Ice Beast         Ice/Summ       0%         N/A       100%        3
 Teleport Other           Tloc           0%         N/A       100%        3
 Tukima's Dance           Hex            0%         N/A       100%        3
 Anguish                  Hex/Necr       0%         N/A       100%        4
 Dimensional Bullseye     Hex/Tloc       0%         N/A       100%        4
 Flame Wave               Conj/Fire      0%         2d4       100%        4
 Ignite Poison            Fire/Alch      0%         N/A       100%        4
 Iskenderun's Mystic Bla  Conj/Tloc      0%         2d3       100%        4
 Leda's Liquefaction      Alch/Erth      0%         N/A       100%        4
 Petrify                  Alch/Erth      0%         N/A       100%        4
 Sticky Flame             Fire/Alch      0%         2d4       100%        4
 Freezing Cloud           Conj/Ice/Air   0%         6-21      100%        5
 Metabolic Englaciation   Hex/Ice        0%         N/A       100%        5
 Conjure Ball Lightning   Conj/Air       0%         3x3d6     100%        6
 Dispersal                Tloc           0%         N/A       100%        6
 Sculpt Simulacrum        Ice/Alch       0%         N/A       100%        6
 Discord                  Hex            0%         N/A       100%        8
 Disjunction              Tloc           0%         N/A       100%        8
 Chain Lightning          Conj/Air       0%         N/A       100%        9
 Fire Storm               Conj/Fire      0%         5d1       100%        9
 Shatter                  Erth           0%         3d5*      100%        9


Dungeon Overview and Level Annotations

Branches:
Dungeon (9/15)             Temple (1/1) D:7            Lair (0/5) D:9
Ossuary (visited)
    Orc: D:9-12

Altars:
Ashenzari
Cheibriados
Dithmenos
Fedhas
Gozag
Hepliaklqana
Kikubaaqudgha
Makhleb
Nemelex Xobeh
Okawaru
Qazlal
Ru
Sif Muna
Trog
Uskayaw
Vehumet
Wu Jian
Yredelemnul

Shops:
D:6 [

Annotations:
D:3 3 runed translucent doors, Monkooky's ghost, amateur DEAl


Innate Abilities, Weirdness & Mutations

You have a pair of horns on your head.
You have a moderately thin skeletal structure. (Dex +4, Stealth++)
A meltable shield of frost defends you. (SH +4)


Message History

You easily resist.
Something hits you. You block the warg's attack.
The orc warrior barely misses you.
You hit the orc priest.
You kill the orc priest!
Makhleb accepts your kill.
You feel better.
Your +2 falchion "Xyoschagi" {spect, rPois rC+ rCorr Str-4} disappears.
You block the warg's attack. The orc warrior barely misses you.
You block the warg's attack.
You slash the orc! You headbutt the orc.
You kill the orc!
Makhleb accepts your kill. You block the wolf's attack. The warg misses you.
The orc warrior barely misses you. Something barely misses you.
The wolf barely misses you.
Unknown command.
You miss something.
Your +2 falchion "Xyoschagi" {spect, rPois rC+ rCorr Str-4} closely misses something.
You block the warg's attack. You block the wolf's attack.
You block something's attack. The orc hits you but does no damage.
The orc warrior hits you with a +0 scimitar!
The warg bites you! The wolf bites you but does no damage. Something hits you.
You slash something!
Your +2 falchion "Xyoschagi" {spect, rPois rC+ rCorr Str-4} closely misses something.
An orc wizard appears from thin air!
Reactivating autopickup.
The warg bites you!!
* * * LOW HITPOINT WARNING * * *
The wolf misses you. You block the orc warrior's attack. The orc misses you.
The orc wizard hits you with a +1 dagger of speed.
* * * LOW HITPOINT WARNING * * *
You block the warg's attack. The wolf barely misses you.
You hit the orc.
The orc is moderately wounded.
Your +2 falchion "Xyoschagi" {spect, rPois rC+ rCorr Str-4} barely misses the orc.
The wolf bites you!
* * * LOW HITPOINT WARNING * * *
The orc wizard casts a spell at you. The magic dart hits you!
You die...

........................♣♣...♣♣
..............................+
#....#######..................#
#..(.# #..................#
#....# #.....<............#
#....# #....................
#....# #.=...(.###..........
.....# #....oo.# #########..
...))# #.###@o.## .. ....<#
#ohh..# .....# #.oo....# .....#
#.......# .....# ..........#
...... ............. .......
........>....... ........
................
...................P....


You could see a warg, an orc warrior, a wolf, 2 orc wizards, 3 orcs and a
friendly +2 falchion "Xyoschagi" {spect, rPois rC+ rCorr Str-4}.

Vanquished Creatures
  The ghost of BigPumpCobain the Cudgeller, a novice MiFi (D:6)
  A kobold demonologist (D:6)
  A troll (D:8)
  Grinder (D:3)
  A shadow (D:9)
  Sigmund (D:2)
  A wyvern (D:6)
  A steam dragon (D:6)
  A yak (D:5)
  Eustachio (D:5)
  A water moccasin (D:8)
  An acid dragon (D:8)
  An orc warrior (D:8)
  A sky beast (D:8)
  2 ice beasts
  A black bear (D:5)
  2 ogres (D:6)
  A wolf (D:9)
  6 centaurs
  A phantom (D:6)
  A kobold brigand (D:7)
  5 bullfrogs
  A gnoll sergeant (D:5)
  9 scorpions
  5 wights
  5 killer bees (D:5)
  3 howler monkeys (D:7)
  2 centaur zombies (Ossuary)
  3 bombardier beetles
  4 human zombies (Ossuary)
  5 hounds
  4 orc priests
  4 jellies
  2 scorpion zombies (Ossuary)
  A sleepcap (D:6)
  2 iguanas (D:5)
  Natasha (thrice) (D:2)
  4 orc wizards
  3 mummies (Ossuary)
  17 gnolls
  6 adders
  A white imp (D:7)
  2 ufetubi (D:5)
  3 adder zombies (Ossuary)
  A dart slug (D:1)
  2 ribbon worms
  22 orcs
  6 bats
  7 endoplasms
  4 giant cockroaches
  5 goblins
  5 hobgoblins
  6 jackals
  2 quokkas
  6 ball pythons
  2 frilled lizards (D:1)
  2 gnoll zombies (Ossuary)
  3 jackal zombies (Ossuary)
  10 kobolds
  2 orc zombies (Ossuary)
  10 rats
217 creatures vanquished.

Notes
Turn   | Place    | Note
-------+----------+-------------------------------------------
     0 | D:1      | Newt the Demonspawn Gladiator began the quest for the Orb.
     0 | D:1      | Reached XP level 1. HP: 16/16 MP: 1/1
    80 | D:1      | Found a faded altar of an unknown god.
   218 | D:1      | Gained mutation: You have a somewhat thin skeletal
                  | structure. (Dex +2, Stealth+) [demonic ancestry]
   218 | D:1      | Reached XP level 2. HP: 23/23 MP: 2/2
   289 | D:1      | Reached skill level 3 in Fighting
   886 | D:2      | Reached XP level 3. HP: 10/29 MP: 3/3
  1197 | D:2      | Noticed Sigmund
  1210 | D:2      | Killed Sigmund
  1211 | D:2      | Reached skill level 5 in Fighting
  1211 | D:2      | Gained mutation: You have a pair of small horns on your
                  | head. [demonic ancestry]
  1211 | D:2      | Reached XP level 4. HP: 36/39 MP: 4/4
  1211 | D:2      | Gained mutation: You have a moderately thin skeletal
                  | structure. (Dex +4, Stealth++) [demonic ancestry]
  1211 | D:2      | Reached XP level 5. HP: 41/44 MP: 5/5
  1449 | D:2      | Noticed Natasha
  1454 | D:2      | Killed Natasha
  1524 | D:2      | Reached XP level 6. HP: 51/51 MP: 6/6
  1660 | D:2      | Noticed Natasha
  1719 | D:2      | Killed Natasha
  1731 | D:2      | Noticed Natasha
  1737 | D:2      | Killed Natasha
  1905 | D:3      | Noticed Grinder
  1911 | D:3      | Paralysed by Grinder for 2 turns
  1914 | D:3      | Paralysed by Grinder for 2 turns
  1932 | D:3      | Paralysed by Grinder for 5 turns
  1937 | D:3      | Killed Grinder
  1938 | D:3      | Reached skill level 5 in Dodging
  1938 | D:3      | Reached XP level 7. HP: 34/56 MP: 7/7
  2218 | D:3      | Found a runed translucent gate.
  2219 | D:3      | Found a runed translucent gate.
  2219 | D:3      | Found a runed translucent gate.
  2221 | D:3      | Noticed Monkooky's ghost (amateur DEAl)
  2889 | D:4      | Found a sand-covered staircase.
  2898 | Ossuary  | Entered an ossuary
  3299 | Ossuary  | Reached skill level 6 in Fighting
  3306 | Ossuary  | Gained mutation: A meltable shield of frost defends you.
                  | (SH +4) [demonic ancestry]
  3306 | Ossuary  | Reached XP level 8. HP: 31/64 MP: 8/8
  3712 | D:4      | Identified the +2 falchion "Xyoschagi" {spect, rPois rC+
                  | rCorr Str-4}
  3819 | D:4      | Reached skill level 7 in Fighting
  4227 | D:4      | Identified the ring of the Fool {Will+ Int-4 Slay+4 Stlth+}
  4589 | D:5      | Entered Level 5 of the Dungeon
  4738 | D:5      | Reached skill level 8 in Fighting
  4951 | D:5      | Noticed Eustachio
  4964 | D:5      | Killed Eustachio
  5346 | D:5      | Found a shadowy altar of Dithmenos.
  5619 | D:5      | Reached skill level 1 in Shields
  5707 | D:5      | Identified the serpent talisman of Morality {rF- rC+ rN++
                  | rCorr}
  5774 | D:5      | Reached XP level 9. HP: 71/74 MP: 9/9
  5889 | D:5      | Reached skill level 1 in Evocations
  6219 | D:6      | Found a sacrificial altar of Ru.
  6375 | D:6      | Found Gaes's Armour Emporium.
  6403 | D:6      | Found a runed translucent door.
  6403 | D:6      | Noticed BigPumpCobain's ghost (novice MiFi)
  6794 | D:6      | Reached skill level 5 in Evocations
  6830 | D:6      | Noticed a kobold demonologist
  6834 | D:6      | Reached skill level 1 in Armour
  6862 | D:6      | Killed a kobold demonologist
  7120 | D:6      | Gained mutation: You have a pair of horns on your head.
                  | [demonic ancestry]
  7120 | D:6      | Reached XP level 10. HP: 80/80 MP: 10/10
  7216 | D:6      | Killed BigPumpCobain's ghost
  7217 | D:6      | Reached skill level 5 in Armour
  7380 | D:6      | Bought the +2 leather armour of the Blessed Realm {rC+ rN++
                  | Str-3} for 392 gold pieces
  7464 | D:7      | Found a staircase to the Ecumenical Temple.
  7475 | Temple   | Entered the Ecumenical Temple
  7488 | Temple   | Became a worshipper of Makhleb the Destroyer
  7626 | D:7      | Reached * piety under Makhleb
  7627 | D:7      | Reached skill level 5 in Long Blades
  7689 | D:7      | Found a shimmering blue altar of Sif Muna.
  8727 | D:8      | Reached skill level 1 in Necromancy
  8728 | D:8      | Reached skill level 1 in Spellcasting
  8947 | D:8      | Found a hazy altar of Hepliaklqana.
  8952 | D:8      | Learned a level 3 spell: Fugue of the Fallen
  9241 | D:9      | Found an iron altar of Okawaru.
  9248 | D:9      | Found a staircase to the Lair.
  9264 | D:9      | HP: 2/80 [wolf (10)]
  9264 | D:9      | Killed from afar by an orc wizard

Illustrated notes

Levels and vault maps discovered:
D:1:      lemuel_arrival_behind_the_door_large, layout_basic,
          ebering_ecumenical_altar_mist, minmay_tetromino_t2
D:2:      minmay_angry_zag, layout_loops_ring, uniq_sigmund, uniq_natasha
D:3:      layout_loops_ring, ebering_ghost_rock_garden, hangedman_decor_points,
          uniq_grinder
D:4:      layout_loops_ring, mainiacjoe_ossuary_entry_dusty_tomb
D:5:      cheibrodos_barr_body, layout_basic,
          nicolae_dithmenos_through_a_glass_darkly, serial_bayou_crossing,
          uniq_eustachio
D:6:      minmay_chambers_of_sixes, layout_loops_corners,
          nicolae_ru_awakened_eye, hellmonk_ghost_happy_afterlife, serial_shops,
          kennysheep_little_box
D:7:      wander_river, layout_basic, tgw_sif, minmay_temple_entry_offerings
D:8:      layout_basic, mainiacjoe_overflow_surrounded_room
D:9:      layout_irregular_city, mainiacjoe_overflow_alcove_1,
          erik_lair_orcish_takeover, minmay_misc_feat_tiny, uniq_maurice
Temple:   eino_temple_rhombus

Skill      XL: |  1  2  3  4  5  6  7  8  9 10 |
---------------+-------------------------------+-----
Fighting       | 3 5 6 8 |  8.0
Dodging        | 3 4 5 |  5.0
Stealth        | 3 4 |  4.0
Short Blades   | 4 |  4.0
Long Blades    | 4 6 |  6.4
Shields        | 1 4 |  4.0
Evocations     | 5 |  5.0
Armour         | 4 5 |  5.0
Necromancy     | 3 |  3.4
Spellcasting   | 2 |  2.8
Throwing       | |  1.7

Action                     |  1- 3 |  4- 6 |  7- 9 | 10-12 || total
---------------------------+-------+-------+-------+-------++-------
  Melee: Rapier            |    92 |    76 |   178 |       ||   346
         Headbutt          |       |    14 |    97 |    27 ||   138
         Punch             |       |       |     6 |       ||     6
         Falchion          |       |       |   157 |   109 ||   266
  Throw: Throwing net      |     2 |     2 |     1 |       ||     5
         Javelin           |       |     1 |       |       ||     1
  Evoke: Wand              |       |       |       |     4 ||     4
    Use: Scroll            |       |       |    10 |     6 ||    16
         Potion            |       |       |     1 |     3 ||     4
   Stab: Sleeping          |     3 |     8 |    35 |    10 ||    56
         Held in net/web   |     1 |     1 |     1 |       ||     3
         Distracted        |       |       |     4 |     3 ||     7
 Armour: Leather armour    |    36 |    10 |   110 |    37 ||   193
  Dodge: Dodged            |    91 |    58 |   258 |    56 ||   463
  Block: Kite shield       |       |       |    97 |    78 ||   175
         Other             |       |       |    11 |       ||    11

Table legend: (Time is in decaauts)
 A = Elapsed time spent in this place.
 B = Non-inter-level travel time spent in this place.
 C = Inter-level travel time spent in this place.
 D = Time resting spent in this place.
 E = Time spent auto-exploring this place.
 F = Levels seen in this place.
 G = Mean time per level.
                   A        B        C        D        E       F      G
               +--------+--------+--------+--------+--------+-----+--------+
         Total |   9360 |   9087 |    273 |   1775 |   5660 |  11 |  850.9 |
       Dungeon |   8584 |   8332 |    252 |   1569 |   5364 |   9 |  953.8 |
        Temple |     24 |      3 |     21 |      0 |      0 |   1 |   24.0 |
       Ossuary |    750 |    750 |      0 |    206 |    296 |   1 |  750.0 |
               +--------+--------+--------+--------+--------+-----+--------+

Top non-repeatable levels by time:
     D:5: 1621 daAuts
     D:6: 1268 daAuts
     D:2: 1079 daAuts
     D:4: 1017 daAuts
     D:3: 969 daAuts
     D:8: 811 daAuts
     D:1: 791 daAuts
     D:7: 786 daAuts
 Ossuary: 750 daAuts
     D:9: 238 daAuts
  Temple: 24 daAuts
